 Dungeon Crawl Stone Soup version 0.19.3-4-gbf9329e (webtiles) character file.

255 Naow the Conjurer (level 5, -3/28 HPs)
             Began as a Deep Elf Conjurer on Jan 30, 2017.
             Slain by a worker ant (8 damage)
             ... on level 4 of the Dungeon.
             The game lasted 00:06:37 (4125 turns).

Naow the Conjurer (Deep Elf Conjurer)               Turns: 4125, Time: 00:06:37

Health: -3/28      AC:  2    Str:  5    XL:     5   Next: 91%
Magic:  0/14       EV: 13    Int: 21    God:
Gold:   153        SH:  0    Dex: 15    Spells: 4 memorised, 2 levels left

rFire  . . .     SeeInvis .     g - +0 short sword
rCold  . . .     Gourm    .     a - +0 robe
rNeg   . . .     Faith    .     (no shield)
rPois  .         Spirit   .     (no helmet)
rElec  .         Reflect  .     (no cloak)
rCorr  +         Harm     .     (no gloves)
MR     .....                    (no boots)
Stlth  ++........               t - amulet of rage
                                u - ring of resist corrosion
                                h - ring of flight

@: no status effects
A: no striking features
a: Evoke Berserk Rage, Evoke Flight


You were on level 4 of the Dungeon.
You were hungry.

You visited 1 branch of the dungeon, and saw 4 of its levels.

You collected 153 gold pieces.

Inventory:

Hand Weapons
 g - a +0 short sword (weapon)
Armour
 a - a +0 robe (worn)
 z - a +0 helmet
Jewellery
 h - a ring of flight (left hand)
 s - an uncursed amulet of faith
 t - an amulet of rage (around neck)
 u - a ring of resist corrosion (right hand)
Scrolls
 i - 2 scrolls of identify {unknown}
 k - 2 scrolls of noise {unknown}
 m - a scroll of recharging {unknown}
 n - a scroll of fear {unknown}
 p - 2 scrolls of remove curse {unknown}
 r - a scroll of enchant armour {unknown}
 v - 2 scrolls of enchant weapon {unknown}
 y - 2 scrolls of teleportation {unknown}
 D - a scroll of fog {unknown}
Potions
 d - 3 potions of haste
 e - 2 potions of heal wounds {unknown}
 f - a potion of degeneration {unknown}
 l - 2 potions of ambrosia {unknown}
 q - a potion of cure mutation {unknown}
 w - a potion of curing {unknown}
 x - a potion of invisibility {unknown}
 A - 2 potions of agility {unknown}
 C - a potion of flight {unknown}
 E - a potion of lignification {unknown}
Books
 b - a book of Conjurations

   Spells                             Type                      Level
   a - Magic Dart                     Conjuration                  1
   b - Searing Ray                    Conjuration                  2
   c - Dazzling Spray                 Conjuration/Hexes            3
   d - Fulminant Prism                Conjuration/Hexes            4
   e - Iskenderun's Mystic Blast      Conjuration                  4
   f - Iskenderun's Battlesphere      Conjuration/Charms           5
Comestibles
 c - a bread ration
 j - a slice of pizza
 o - 3 meat rations
 B - a fruit
 F - 2 chunks of flesh


   Skills:
 - Level 2.4 Dodging
 - Level 2.4 Stealth
 + Level 5.3 Spellcasting
 * Level 6.9 Conjurations


You had 2 spell levels left.
You knew the following spells:

 Your Spells              Type           Power        Failure   Level  Hunger
a - Magic Dart            Conj           ####         1%          1    None
b - Searing Ray           Conj           ####..       1%          2    None
c - Iskenderun's Battles  Conj/Chrm      ###.....     78%         5    #####..
d - Iskenderun's Mystic   Conj           ####....     8%          4    ####...


Dungeon Overview and Level Annotations

Branches:
Dungeon (4/15)
 Temple: D:4-7

Altars:
Dithmenos


Message History

You kill the orc wizard!
You hear a shout!
The orc priest invokes the aid of Beogh against you.
Beogh smites you!
Ouch! That really hurt!
The orc hits you.
* * * LOW HITPOINT WARNING * * *
Casting: Iskenderun's Mystic Blast
Confirm with . or Enter, or press ? or * to list all spells.
Aiming: Magic Dart
Press: ? - help, Shift-Dir - straight line, f/p - orc priest
Aim: an orc priest, wielding a flail (almost dead)
The magic dart hits the orc priest.
You kill the orc priest!
The orc barely misses you.
A worker ant comes into view.
The orc hits you.
* * * LOW HITPOINT WARNING * * *
The worker ant bites you!
You die...

# # #. .#
.####.# .....#
#o...# #@#
#.rooa....a.
#.............
...............
###............
..............
...............
####...........


You could see 2 worker ants, 3 orcs and a quokka.

Vanquished Creatures
  An orc priest (D:4)
  An orc wizard (D:4)
  Jessica (D:3)
  Robin (D:2)
  3 adders
  5 worms
  3 dart slugs (D:1)
  3 leopard geckos
  6 orcs (D:3)
  A giant cockroach (D:2)
  19 goblins
  15 hobgoblins
  7 jackals
  7 kobolds
  2 quokkas
  A ball python (D:3)
  10 bats
  9 frilled lizards
  7 rats
102 creatures vanquished.

Notes
Turn   | Place    | Note
-------+----------+-------------------------------------------
     0 | D:1      | Naow the Deep Elf Conjurer began the quest for the Orb.
     0 | D:1      | Reached XP level 1. HP: 10/10 MP: 6/6
   203 | D:1      | Reached XP level 2. HP: 6/15 MP: 0/8
   207 | D:1      | Learned a level 2 spell: Searing Ray
   439 | D:1      | Reached skill level 5 in Conjurations
   896 | D:1      | Reached XP level 3. HP: 19/19 MP: 8/10
  1885 | D:2      | Reached XP level 4. HP: 24/24 MP: 3/12
  2269 | D:2      | Noticed Robin
  2583 | D:2      | Found a faded altar of an unknown god.
  2726 | D:2      | Killed Robin
  2726 | D:2      | Reached skill level 6 in Conjurations
  3060 | D:3      | Reached XP level 5. HP: 21/28 MP: 2/13
  3067 | D:3      | Learned a level 5 spell: Iskenderun's Battlesphere
  3072 | D:3      | Learned a level 4 spell: Iskenderun's Mystic Blast
  3287 | D:3      | Noticed Jessica
  3290 | D:3      | Killed Jessica
  3602 | D:3      | Reached skill level 5 in Spellcasting
  3907 | D:3      | Found a shadowy altar of Dithmenos.
  4125 | D:4      | Slain by a worker ant

Skill      XL: |  1  2  3  4  5 |
---------------+----------------+-----
Conjurations   | 5 6 |  6.9
Spellcasting   | 4 5 |  5.3
Dodging        | |  2.4
Stealth        | |  2.4

Action                   |  1- 3 |  4- 6 || total
-------------------------+-------+-------++-------
Melee: Short sword       |     2 |       ||     2
 Cast: Magic Dart        |   102 |   110 ||   212
       Searing Ray       |       |     4 ||     4
       Iskenderun's Myst |       |     3 ||     3
  Eat: Chunk             |     3 |     6 ||     9
Armor: Robe              |     1 |       ||     1
Dodge: Dodged            |     7 |    17 ||    24
